 Dungeon Crawl Stone Soup version 0.21-a0-630-g344d351 (webtiles) character file.

5495 Firecrotchwizard the Martial Artist (level 10, -9/55 HPs)
             Began as a Vine Stalker Monk on Dec 27, 2017.
             Was a High Priest of Okawaru.
             Mangled by a two-headed ogre
             ... wielding a +0 giant club
              (11 damage)
             ... on level 8 of the Dungeon.
             The game lasted 00:16:45 (6582 turns).

Firecrotchwizard the Martial Artist (VSMo)          Turns: 6582, Time: 00:16:45

Health: -9/55      AC: 10    Str: 15    XL:     10   Next: 69%
Magic:  0/11       EV: 16    Int: 10    God:    Okawaru [*****.]
Gold:   463        SH:  0    Dex: 19    Spells: 9/9 levels left

rFire    . . .     SeeInvis .     - Unarmed
rCold    . . .     Gourm    .   (no shield)
rNeg     . . .     Faith    .   C - +0 scale mail
rPois    .         Spirit   +   (no helmet)
rElec    .         Reflect  .   K - +2 cloak
rCorr    .         Harm     .   (no gloves)
MR       +....                  (no boots)
Stlth    +.........             (no amulet)
HPRegen  0.58/turn              s - +3 ring of evasion
MPRegen  0.12/turn              H - ring of flight {+Fly, !d}

@: no status effects
A: fangs 3, regeneration 1, magic shield, antimagic bite, no potion heal 3, rot
immunity
a: Heroism, Finesse, Renounce Religion, Evoke Flight


You were on level 8 of the Dungeon.
You worshipped Okawaru.
Okawaru was extremely pleased with you.
You were not hungry.

You visited 2 branches of the dungeon, and saw 9 of its levels.
You also visited: Sewer.

You collected 463 gold pieces.

Inventory:

Hand Weapons
 y - a +0 dagger of speed
   (You took it off an orc on level 6 of the Dungeon)
Missiles
 I - a throwing net {=f, !d}
Armour
 C - a +0 scale mail (worn)
   (You took it off an orc on level 6 of the Dungeon)
 F - a +0 plate armour
   (You took it off an orc warrior on level 6 of the Dungeon)
 K - a +2 cloak (worn)
   (You found it on level 7 of the Dungeon)
Jewellery
 s - a +3 ring of evasion (left hand)
   (You found it on level 3 of the Dungeon)
 H - a ring of flight (right hand) {+Fly, !d}
   (You found it on level 6 of the Dungeon)
Wands
 w - a wand of acid (6)
   (You found it on level 5 of the Dungeon)
 B - a wand of digging (18)
   (You found it on level 6 of the Dungeon)
 J - a wand of flame (24)
   (You found it on level 7 of the Dungeon)
Scrolls
 e - 2 scrolls of blinking {unknown}
 f - 3 scrolls of identify
 i - 4 scrolls of noise {unknown}
 k - 4 scrolls of random uselessness
 o - 2 scrolls of magic mapping {unknown}
 p - 2 scrolls of teleportation {unknown}
 r - 3 scrolls of enchant armour
 t - a scroll of immolation {unknown}
 u - 3 scrolls of remove curse
 D - 3 scrolls of amnesia
 G - a scroll of torment {unknown}
 L - a scroll of fog {unknown}
Potions
 a - a potion of degeneration {unknown}
 c - 2 potions of agility
 g - 2 potions of heal wounds {unknown}
 h - 2 potions of haste {unknown}
 l - a potion of brilliance {unknown}
 n - a potion of lignification {unknown}
 q - a potion of might {unknown}
 z - a potion of flight {unknown}
Books
 d - a book of Misfortune
   (You found it on level 5 of the Dungeon)
 v - a book of Maledictions
   (You found it on level 4 of the Dungeon)
Comestibles
 b - 13 rations {@e1}
 j - 4 chunks of flesh {@w0}


   Skills:
 + Level 7.0 Fighting
 + Level 5.7 Armour
 + Level 6.4 Dodging
 - Level 2.4 Stealth
 - Level 10.2 Unarmed Combat


You had 9 spell levels left.
You didn't know any spells.

Dungeon Overview and Level Annotations

Branches:
Dungeon (8/15)             Temple (1/1) D:5
   Lair: D:8-11

Altars:
Cheibriados
Dithmenos
Elyvilon
Fedhas
Kikubaaqudgha
Okawaru
Sif Muna
Trog
Uskayaw
Xom
Yredelemnul

Annotations:
D:5 exclusions: Pikel and centaur, Ijyb, Pikel


Innate Abilities, Weirdness & Mutations

You have razor-sharp teeth.
Your natural rate of healing is unusually fast.
When hurt, damage is shared between your health and your magic reserves.
Your bite disrupts and absorbs the magic of your enemies.
Potions cannot restore your health.
You are immune to rotting.


Message History

Okawaru accepts your kill.
No target in view!
You butcher the leopard gecko corpse.
j - 3 chunks of flesh {@w0} (gained 2)
An adder comes into view.
The adder hisses angrily.
An adder is nearby!
You hit the adder. The adder bites you but does no damage.
You closely miss the adder. The adder closely misses you.
You miss the adder. Your bite misses the adder. The adder barely misses you.
You punch the adder!
You kill the adder!
Okawaru accepts your kill.
No target in view!
You butcher the adder corpse.
j - 4 chunks of flesh {@w0} (gained 1)
An ogre comes into view. It is wielding a giant club.
The ogre shouts!
You punch the ogre! You bite the ogre. You drain its power. You hit the ogre.
You bite the ogre. You drain its power. The ogre hits you with a giant club.
You take 5 damage, and have 48/53 hp.
You now have 10/11 mp.
You punch the ogre!
You kill the ogre!
Okawaru accepts your kill.
Your Armour skill increases to level 5!
No target in view!
You see here a giant club.
Gastronok the Ponderous comes into view.
Gastronok gurgles horribly!
You hear two shouts!
Health restored: 53; MP restored: 11 You gain the combat prowess of a mighty hero.
You now have 9/11 mp.
You start resting.
A two-headed ogre comes into view. It is wielding two giant clubs.
You hit Gastronok. You bite Gastronok, but do no damage. Gastronok bites you!!
You take 25 damage, and have 28/53 hp.
MASSIVE DAMAGE!!
You now have 5/11 mp.
You hit Gastronok but do no damage. You hit Gastronok. You punch Gastronok!
You bite Gastronok.
Gastronok's magic leaks into the air.
You drain his magic.
You feel invigorated.
Gastronok glows a brilliant shade of cerise.
You regained 3 mp, and now have 8/11 mp.
You punch Gastronok! You bite Gastronok.
Gastronok's magic leaks into the air.
You drain his magic.
You feel invigorated.
MP restored: 11 You pummel Gastronok!!
You bite Gastronok.
Gastronok's magic leaks into the air.
You drain his magic. You punch Gastronok! You bite Gastronok.
Gastronok's magic leaks into the air.
You drain his magic.
You feel like a meek peon again. Gastronok bites you!!
* * * LOW HITPOINT WARNING * * *
You take 20 damage, and have 10/53 hp.
MASSIVE DAMAGE!!
You now have 3/11 mp.
You hit Gastronok. You hit Gastronok.
Gastronok falters for a moment.
You hit Gastronok. You bite Gastronok.
Gastronok's magic leaks into the air.
You drain his magic.
You feel invigorated.
You regained 2 mp, and now have 5/11 mp.
You punch Gastronok! You bite Gastronok!
Gastronok's magic leaks into the air.
You drain his magic.
You feel invigorated.
MP restored: 11 You punch Gastronok!
You punch Gastronok. You bite Gastronok!
Gastronok's magic leaks into the air.
You drain his magic.
Gastronok falters for a moment.
You hit Gastronok. You bite Gastronok.
Gastronok's magic leaks into the air.
You drain his magic.
Your scale mail prevents you from hitting Gastronok.
Gastronok falters for a moment.
You punch Gastronok! You bite Gastronok.
Gastronok's magic leaks into the air.
You drain his magic.
You kill Gastronok!
Okawaru is honoured by your kill. Something appears at your feet!
Okawaru grants you ammunition!
You can now speed up your combat.
Okawaru will gift you equipment as you gain piety.
Something appears at your feet! Okawaru grants you a weapon!
You feel your dexterity returning.
Your Fighting skill increases to level 7!
Your Dodging skill increases to level 6!
The two-headed ogre hits you with a giant club!!
* * * LOW HITPOINT WARNING * * *
The two-headed ogre hits you with a giant club!
* * * LOW HITPOINT WARNING * * *
You take 18 damage, and have 1/55 hp.
MASSIVE DAMAGE!!
You now have 1/11 mp.
As you read the scroll labeled ZIPLAB FUJOFELE, it crumbles to dust.
Your brain hurts!
It was a scroll of random uselessness.
As you read the scroll labeled FETRYC BOYNAOCK, it crumbles to dust.
It is a scroll of amnesia.
You feel forgetful for a moment. The two-headed ogre misses you.
The two-headed ogre hits you with a giant club!
You die...

.###..##...#
#.......# #.. ###.#
#.......# ... #.#
#.##...####### ##.
#.# #.###......... #.
#.###.# #...[..... .
####.##..####........
#.....)...# #........
#...O.....# #........
#...@.....# #........
#.........# ##.######
#.........# #.#
#.........# #.###
#.........# #...###
#.........# ###...#
#.........# #####
###########


You could see a two-headed ogre.

Vanquished Creatures
  Gastronok (D:8)
  Erica (D:8)
  A two-headed ogre (D:7)
  A hippogriff (D:7)
  A hungry ghost (D:8)
  An orc warrior (D:6)
  An ice beast (D:8)
  A sky beast (D:4)
  The ghost of FlobFlarker2 the Cudgeler, an amateur GnWn (D:4)
  2 phantoms
  A necrophage (D:7)
  A centaur (D:5)
  2 ogres
  4 bullfrogs
  2 scorpions
  6 killer bees (D:7)
  2 howler monkeys
  A centaur zombie (D:8)
  A quasit (D:8)
  An orc priest (D:5)
  2 hounds (D:7)
  A bullfrog skeleton (D:7)
  10 orc wizards
  An iguana (D:4)
  7 worker ants
  A howler monkey skeleton (D:7)
  10 adders
  A shadow imp (D:6)
  An ooze (D:3)
  A dart slug (D:2)
  7 leopard geckos
  23 orcs
  A ball python (D:1)
  10 giant cockroaches
  9 goblins
  8 hobgoblins
  6 jackals
  4 quokkas
  7 bats
  13 frilled lizards
  A jackal skeleton (D:4)
  8 kobolds
  A leopard gecko zombie (D:5)
  10 rats
175 creatures vanquished.

Notes
Turn   | Place    | Note
-------+----------+-------------------------------------------
     0 | D:1      | Firecrotchwizard the Vine Stalker Monk began the quest for the Orb.
     0 | D:1      | Reached XP level 1. HP: 11/11 MP: 2/2
   224 | D:1      | Reached XP level 2. HP: 16/16 MP: 3/3
   837 | D:2      | Reached skill level 4 in Unarmed Combat
   858 | D:2      | Reached XP level 3. HP: 19/19 MP: 4/4
  1257 | D:2      | Gained mutation: Your natural rate of healing is unusually fast. [Vine Stalker growth]
  1257 | D:2      | Reached XP level 4. HP: 17/23 MP: 3/5
  1520 | D:2      | Reached skill level 5 in Unarmed Combat
  1848 | D:3      | Found a glowing drain.
  1852 | Sewer    | Entered a sewer
  1917 | Sewer    | Noticed a crocodile
  1962 | D:3      | Reached XP level 5. HP: 22/27 MP: 6/6
  1992 | D:3      | Found a white marble altar of Elyvilon.
  2371 | D:4      | Reached skill level 6 in Unarmed Combat
  2408 | D:4      | Got a blackened whip
  2409 | D:4      | Identified the cursed +0 whip "Joirutul" {flame, MR+} (You found it on level 4 of the Dungeon)
  2496 | D:4      | Noticed FlobFlarker2's ghost (amateur GnWn)
  2529 | D:4      | Found a shimmering altar of Xom.
  2529 | D:4      | Noticed a phantom
  2539 | D:3      | Reached XP level 6. HP: 25/32 MP: 7/7
  2575 | D:4      | Noticed a phantom
  2597 | D:3      | HP: 7/32 [phantom (5)]
  2625 | D:4      | Killed a phantom
  2625 | D:4      | Reached skill level 7 in Unarmed Combat
  2874 | D:4      | Reached XP level 7. HP: 31/35 MP: 8/8
  2954 | D:4      | Killed FlobFlarker2's ghost
  2954 | D:4      | Reached skill level 8 in Unarmed Combat
  3352 | D:5      | Entered Level 5 of the Dungeon
  3453 | D:5      | Reached skill level 9 in Unarmed Combat
  3553 | D:5      | Got a fine dagger
  3554 | D:5      | Identified the cursed +0 dagger "Loczaf" {venom, rPois} (You found it on level 5 of the Dungeon)
  3586 | D:5      | Noticed Ijyb
  3626 | D:5      | Found a blossoming altar of Fedhas.
  3653 | D:5      | Found a staircase to the Ecumenical Temple.
  3662 | Temple   | Entered the Ecumenical Temple
  3684 | Temple   | Became a worshipper of Warmaster Okawaru
  3684 | Temple   | Reached * piety under Okawaru
  3684 | Temple   | Reached ** piety under Okawaru
  4088 | D:5      | Gained mutation: You have razor-sharp teeth. [Vine Stalker growth]
  4088 | D:5      | Reached XP level 8. HP: 29/39 MP: 9/9
  4124 | D:5      | Noticed Pikel
  4475 | D:6      | Found a basalt altar of Yredelemnul.
  4866 | D:6      | Reached skill level 10 in Unarmed Combat
  4904 | D:6      | Found a deep blue altar of Sif Muna.
  5004 | D:6      | Reached skill level 3 in Fighting
  5103 | D:6      | Reached skill level 1 in Armour
  5440 | D:7      | Reached skill level 3 in Dodging
  5475 | D:7      | Noticed a hippogriff
  5484 | D:7      | Killed a hippogriff
  5484 | D:7      | Reached skill level 2 in Armour
  5555 | D:7      | Reached XP level 9. HP: 45/45 MP: 10/10
  5559 | D:7      | Reached skill level 4 in Fighting
  5640 | D:7      | Reached *** piety under Okawaru
  5778 | D:7      | Noticed a two-headed ogre
  5783 | D:7      | Killed a two-headed ogre
  5783 | D:7      | Reached skill level 5 in Fighting
  5783 | D:7      | Reached skill level 3 in Armour
  5783 | D:7      | Reached skill level 4 in Dodging
  6118 | D:7      | Reached skill level 4 in Armour
  6130 | D:7      | HP: 11/47 [poisoned by a killer bee]
  6135 | D:7      | HP: 10/47 [poisoned by a killer bee]
  6140 | D:7      | HP: 10/47 [poisoned by a killer bee]
  6146 | D:7      | HP: 10/47 [poisoned by a killer bee]
  6302 | D:8      | Noticed Erica
  6316 | D:8      | Killed Erica
  6316 | D:8      | Reached **** piety under Okawaru
  6316 | D:8      | Reached skill level 6 in Fighting
  6316 | D:8      | Reached skill level 5 in Dodging
  6316 | D:8      | Reached XP level 10. HP: 38/53 MP: 11/11
  6538 | D:8      | Reached skill level 5 in Armour
  6549 | D:8      | Noticed Gastronok
  6556 | D:8      | Noticed a two-headed ogre
  6562 | D:8      | HP: 10/53 [Gastronok (21)]
  6570 | D:8      | Killed Gastronok
  6570 | D:8      | Received a gift from Okawaru
  6570 | D:8      | Reached ***** piety under Okawaru
  6570 | D:8      | Received a gift from Okawaru
  6570 | D:8      | Reached skill level 7 in Fighting
  6570 | D:8      | Reached skill level 6 in Dodging
  6580 | D:8      | HP: 7/55 [two-headed ogre/giant club (13)]
  6580 | D:8      | HP: 1/55 [two-headed ogre/giant club (6)]
  6582 | D:8      | Mangled by a two-headed ogre

Vault maps used:
D:1:      nicolae_arrival_memento_mori, lemuel_flame_loot_1
D:2:      minmay_lizard_king
D:3:      nicolae_overflow_crystal_walls, gup_sewer_entry_bowl
D:4:      xom_butterflies, first_ration
D:5:      old_standard_altar, minmay_temple_entry_statues_fountains, uniq_ijyb,
          uniq_pikel
D:6:      kennysheep_orc_sif_temple, lemuel_round_altar
D:8:      uniq_erica, uniq_gastronok
Temple:   eino_temple_scatter_basement
Sewer:    sewer_the_crocodile

Skill      XL: |  1  2  3  4  5  6  7  8  9 10 |
---------------+-------------------------------+-----
Unarmed Combat | 4 5 6 7 9 10 | 10.2
Fighting       | 3 6 7 |  7.0
Armour         | 2 4 5 |  5.7
Dodging        | 3 5 6 |  6.4
Stealth        | |  2.4

Action                   |  1- 3 |  4- 6 |  7- 9 | 10-12 || total
-------------------------+-------+-------+-------+-------++-------
Melee: Unarmed           |   131 |   169 |   280 |    65 ||   645
       Bite              |    28 |    40 |    80 |    25 ||   173
       Punch             |     2 |     5 |    11 |     4 ||    22
Invok: Heroism           |       |       |     4 |     1 ||     5
Evoke: Wand              |       |       |     2 |       ||     2
  Use: Scroll            |       |     3 |     2 |     2 ||     7
       Potion            |       |     1 |       |       ||     1
 Stab: Sleeping          |     3 |     3 |     2 |       ||     8
  Eat: Chunk             |     1 |     6 |     6 |       ||    13
       Ration            |       |       |     2 |       ||     2
Armor: Robe              |     9 |       |       |       ||     9
       Ring mail         |    26 |    39 |    21 |       ||    86
       Plate armour      |       |       |    14 |       ||    14
       Scale mail        |       |       |    27 |    20 ||    47
Dodge: Dodged            |    77 |   149 |   175 |    40 ||   441

Table legend:
 A = Spawn XP
 B = Non-spawn XP
 C = Spawn XP percentage of total XP
 D = Spawn monster count
 E = Non-spawn monster count
 F = Spawn count percentage of total count
 G = Total turns spent on level
                    A         B        C        D         E        F      G
               +---------+---------+-------+---------+---------+-------+---------
         Total |       0 |    7850 |   0.0 |       0 |     175 |   0.0 |  6582
               +---------+---------+-------+---------+---------+-------+---------
           D:1 |       0 |      28 |   0.0 |       0 |      19 |   0.0 |   836
           D:2 |       0 |      90 |   0.0 |       0 |      31 |   0.0 |   801
           D:3 |       0 |      86 |   0.0 |       0 |      24 |   0.0 |   695
           D:4 |       0 |     858 |   0.0 |       0 |      30 |   0.0 |  1001
           D:5 |       0 |     224 |   0.0 |       0 |      14 |   0.0 |   834
           D:6 |       0 |     620 |   0.0 |       0 |      17 |   0.0 |  1074
           D:7 |       0 |    2306 |   0.0 |       0 |      23 |   0.0 |   933
           D:8 |       0 |    3629 |   0.0 |       0 |      12 |   0.0 |   280
         Sewer |       0 |       9 |   0.0 |       0 |       5 |   0.0 |    88
               +---------+---------+-------+---------+---------+-------+---------

Vault maps used:
D:1:      nicolae_arrival_memento_mori, lemuel_flame_loot_1
D:2:      minmay_lizard_king
D:3:      nicolae_overflow_crystal_walls, gup_sewer_entry_bowl
D:4:      xom_butterflies, first_ration
D:5:      old_standard_altar, minmay_temple_entry_statues_fountains, uniq_ijyb,
          uniq_pikel
D:6:      kennysheep_orc_sif_temple, lemuel_round_altar
D:8:      uniq_erica, uniq_gastronok
Temple:   eino_temple_scatter_basement
Sewer:    sewer_the_crocodile

Table legend:
 A = Turns spent in this place as a percentage of turns spent in the entire game.
 B = Non-inter-level travel turns spent in this place as a percentage of non-inter-level travel turns spent in the entire game.
 C = Inter-level travel turns spent in this place as a percentage of turns spent in this place.
 D = Turns resting spent in this place as a percentage of non-inter-level travel turns spent in this place.
 E = Turns spent auto-exploring this place as a percentage of non-inter-level travel turns spent in this place.
 F = Non-inter-level travel turns spent in this place divided by the number of levels of this place that you've seen.
                   A       B       C       D       E      F
               +-------+-------+-------+-------+-------+----------------------
         Total | 100.0 | 100.0 |   4.6 |  14.9 |  64.1 | 627.7
       Dungeon |  98.1 |  98.2 |   4.5 |  15.1 |  64.4 | 770.8
        Temple |   0.6 |   0.4 |  42.5 |   0.0 |  65.2 |  23.0
         Sewer |   1.3 |   1.4 |   0.0 |   2.3 |  46.6 |  88.0
               +-------+-------+-------+-------+-------+----------------------

Table legend:
 A = Kills in this place as a percentage of kills in entire the game.
 B = Kills by you in this place as a percentage of kills by you in the entire game.
 C = Kills by friends in this place as a percentage of kills by friends in the entire game.
 D = Other kills in this place as a percentage of other kills in the entire game.
 E = Experience gained in this place as a percentage of experience gained in the entire game.
 F = Experience gained in this place divided by the number of levels of this place that you have seen.
                   A       B       C       D       E      F
               +-------+-------+-------+-------+-------+----------------------
         Total | 100.0 | 100.0 |   N/A |   N/A | 100.0 | 785.0
       Dungeon |  97.1 |  97.1 |   N/A |   N/A |  99.9 | 980.1
         Sewer |   2.9 |   2.9 |   N/A |   N/A |   0.1 |   9.0
               +-------+-------+-------+-------+-------+----------------------
